 Dungeon Crawl Stone Soup version 0.28-a0-589-g333b8329f1 (webtiles) character file.

Game seed: 3394122573717402714

0 Heedrag the Chiller (level 1, -1/13 HPs)
             Began as a Demonspawn Ice Elementalist on Oct 3, 2021.
             Frozen to death by an endoplasm (2 damage)
             ... on level 1 of the Dungeon.
             The game lasted 00:00:08 (25 turns).

Heedrag the Chiller (Demonspawn Ice Elementalist)     Turns: 25, Time: 00:00:08

Health: -1/13      AC:  2    Str:  8    XL:     1   Next: 8%
Magic:  0/3        EV: 12    Int: 16    God:
Gold:   0          SH:  0    Dex: 13    Spells: 3/4 levels left

rFire   . . .      SeeInvis .   (no weapon)
rCold   . . .      Faith    .   (no shield)
rNeg    . . .      Spirit   .   a - +0 robe
rPois   .          Reflect  .   (no helmet)
rElec   .          Harm     .   (no cloak)
rCorr   .          Rampage  .   (no gloves)
Will    .....                   (no boots)
Stlth   ++........              (no amulet)
HPRegen 0.04/turn               (no ring)
MPRegen 0.08/turn               (no ring)

@: very slightly contaminated
A: no striking features
a: no special abilities


You were on level 1 of the Dungeon.
You visited 1 branch of the dungeon, and saw 1 of its levels.

Inventory:

Armour
 a - a +0 robe (worn)


   Skills:
 + Level 0.0 Fighting
 + Level 1.7 Dodging
 + Level 1.7 Stealth
 + Level 2.0 Spellcasting
 * Level 3.6 Ice Magic


You had 3 spell levels left.
You knew the following spells:

 Your Spells              Type           Power      Damage    Failure   Level
a - Freeze                Ice            52%        1d7       4%          1

Your spell library contained the following spells:

 Spells                   Type           Power      Damage    Failure   Level
 Frozen Ramparts          Ice            26%        1d4       14%         3
 Ozocubu's Armour         Ice            13%        N/A       14%         3
 Hailstorm                Conj/Ice       7%         3d4       69%         4


Dungeon Overview and Level Annotations

Branches:
Dungeon (1/15)

Altars:


Message History

Options error: Bad channel -- pray (~/.crawlrc:4439) Options error: Bad channel -- food (~/.crawlrc:4442) Options error: Bad channel -- rotten_meat (~/.crawlrc:4459) Welcome, Heedrag the Demonspawn Ice Elementalist.
Will you be the one to retrieve the legendary Orb of Zot from the depths?
Found a staircase leading out of the dungeon.
You open the door.
There is an open door here.
Found 22 stones.
An endoplasm comes into view.
An endoplasm is nearby!
An endoplasm is nearby!
An endoplasm is nearby!
A rat comes into view.
The endoplasm quivers.
The endoplasm jiggles.
The endoplasm barely misses you.
You barely miss the endoplasm. The endoplasm freezes you.
You are frozen.
The rat twitches its whiskers.
You hit the endoplasm but do no damage. The endoplasm barely misses you.
You hit the rat but do no damage. The endoplasm hits you.
The rat closely misses you.
You barely miss the rat. The endoplasm closely misses you.
The rat bites you but does no damage.
You hit the rat but do no damage.
The endoplasm hits you but does no damage.
The rat misses you.
You closely miss the rat. The endoplasm freezes you.
You are frozen.
* * * LOW HITPOINT WARNING * * *
The rat closely misses you.
Aim: a rat You freeze the rat.
You kill the rat!
The endoplasm closely misses you.
Aim: an endoplasm You freeze the endoplasm.
The endoplasm freezes you.
You are frozen.
* * * LOW HITPOINT WARNING * * *
Aim: an endoplasm (heavily wounded)
You miscast Freeze.
You are very lightly contaminated with residual magic.
Nothing appears to happen.
The endoplasm freezes you.
You are frozen.
You die...

#### #####
#...##...##
..........##
...........#
............#
............#
##.......†J.#
......##.@.#
..#......##
#....(..#
#.......#
#####......##
##≈≈≈##.....#
##≈≈P≈≈##....#
##≈≈≈.≈≈≈##...#
#≈≈P.8.P≈≈#.###


You could see an endoplasm.

Vanquished Creatures
  A rat (D:1)
1 creature vanquished.

Notes
Turn   | Place    | Note
-------+----------+-------------------------------------------
     0 | D:1      | Heedrag the Demonspawn Ice Elementalist began the quest for
                  | the Orb.
     0 | D:1      | Reached XP level 1. HP: 13/13 MP: 3/3
    25 | D:1      | Frozen to death by an endoplasm

Illustrated notes

Levels and vault maps discovered:
D:1:      lightli_arrival_statuegarden, layout_rooms,
          chequers_ecumenical_altar_simple, hex_medium

Action                   || total
-------------------------++-------
Melee: Unarmed           ||     6
 Cast: Freeze            ||     2
Armor: Robe              ||     2
Dodge: Dodged            ||     7

Table legend: (Time is in decaauts)
 A = Elapsed time spent in this place.
 B = Non-inter-level travel time spent in this place.
 C = Inter-level travel time spent in this place.
 D = Time resting spent in this place.
 E = Time spent auto-exploring this place.
 F = Levels seen in this place.
 G = Mean time per level.
                   A        B        C        D        E       F      G
               +--------+--------+--------+--------+--------+-----+--------+
         Total |     25 |     25 |      0 |      0 |     10 |   1 |   25.0 |
       Dungeon |     25 |     25 |      0 |      0 |     10 |   1 |   25.0 |
               +--------+--------+--------+--------+--------+-----+--------+

Top non-repeatable levels by time:
     D:1: 25 daAuts
